Map: Frost LE

Players

Fluid

  • Race: Zerg Zerg
  • League: Master

FLORENCIO - Winner!

  • Race: Protoss Protoss
  • League: Diamond

VOD

Have the link to the VOD?

Description

Time

  • Played on: June 29, 2016, 11:27 p.m.
  • Length: 14:00
Show
View Real Time Build Order
Export as new Build Order

Fluid Zerg 

Build Orders: 3 Hatch before Pool 

Get SALT Encoding   

  12  0:01  Drone  
  13  0:12  Overlord  
  13  0:16  Drone  
  14  0:30  Drone x2  
  14  0:34  Drone  
  17  0:53  Hatchery  
  17  0:56  Drone  
  17  0:59  Drone  
  17  1:04  Extractor  
  17  1:06  Drone  
  19  1:21  Drone  
  20  1:27  Hatchery  
  19  1:32  Extractor  
  19  1:33  Drone  
  19  1:41  Drone  
  20  1:48  Spawning Pool  
  20  1:51  Drone  
  20  2:00  Overlord  
  20  2:07  Drone  
  21  2:12  Drone  
  22  2:16  Drone  
  22  2:22  Drone  
  24  2:27  Drone  
  25  2:36  Metabolic Boost  
  25  2:38  Drone  
  25  2:42  Queen  
  25  2:43  Queen  
  30  2:52  Baneling Nest  
  30  2:53  Zergling x4  
  31  2:59  Queen  
  31  3:03  Zergling x2  
  34  3:07  Zergling x2  
  34  3:08  Zergling x2  
  34  3:10  Zergling x2  
  38  3:12  Zergling x2  
  38  3:24  Zergling x8  
  38  3:26  Overlord  
  42  3:30  Overlord  
  42  3:46  Zergling x12  
  48  3:49  Zergling x2  
  48  3:50  Zergling x2  
  50  3:56  Baneling  
  50  3:57  Baneling x4  
  50  3:58  Baneling  
  50  4:04  Overlord  
  50  4:05  Drone  
  51  4:11  Drone  
  51  4:12  Drone  
  51  4:13  Drone  
  51  4:15  Drone  
  55  4:23  Drone  
  49  4:26  Drone  
  49  4:27  Drone x2  
  49  4:28  Drone  
  50  4:31  Drone  
  50  4:32  Drone  
  50  4:33  Drone  
  50  4:35  Zergling x2  
  50  4:38  Zergling x2  
  53  4:39  Zergling x2  
  53  4:42  Zergling x2  
  53  4:47  Zergling x6  
  53  4:49  Drone  
  53  4:51  Drone  
  58  5:01  Lair  
  58  5:03  Drone x2  
  58  5:04  Drone  
  58  5:05  Drone x2  
  63  5:08  Drone  
  63  5:14  Drone  
  63  5:15  Drone  
  64  5:22  Spore Crawler  
  64  5:23  Spore Crawler  
  64  5:24  Spore Crawler  
  64  5:25  Drone x4  
  65  5:28  Overlord  
  65  5:29  Extractor  
  65  5:30  Extractor  
  65  5:31  Overlord  
  63  5:37  Drone x3, Evolution Chamber  
  63  5:39  Extractor  
  63  5:40  Drone  
  65  5:46  Extractor  
  65  5:47  Extractor, Drone x2  
  65  5:48  Drone  
  65  5:49  Drone x3  
  69  5:51  Drone  
  69  5:52  Drone  
  71  5:57  Overlord  
  71  6:09  Centrifical Hooks  
  71  6:10  Hydralisk Den  
  70  6:13  Evolution Chamber  
  70  6:15  Drone  
  70  6:16  Drone x3  
  70  6:17  Drone x2  
  75  6:18  Overlord  
  75  6:23  Zerg Ground Armor Level 1  
  75  6:26  Overlord x2  
  74  6:50  Hatchery  
  53  6:57  Muscular Augments  
  53  6:58  Zerg Missile Weapons Level 1  
  53  6:59  Hydralisk  
  53  7:00  Hydralisk  
  61  7:02  Hydralisk  
  61  7:04  Zergling x16  
  61  7:06  Hydralisk  
  69  7:11  Hydralisk  
  69  7:15  Hydralisk  
  71  7:22  Hydralisk  
  73  7:26  Spore Crawler  
  73  7:27  Drone  
  73  7:28  Drone x2  
  77  7:30  Spore Crawler  
  77  7:32  Drone x2  
  78  7:42  Hydralisk x2  
  82  7:45  Hydralisk  
  84  7:55  Drone x3  
  84  7:58  Drone x2  
  91  8:11  Overlord  
  91  8:19  Spore Crawler  
  90  8:20  Drone, Spore Crawler  
  90  8:22  Drone, Spore Crawler x2  
  90  8:33  Hydralisk x2  
  92  8:35  Hydralisk  
  92  8:38  Hydralisk  
  96  8:45  Infestation Pit, Hatchery  
  93  8:51  Hydralisk x2  
  67  8:59  Hydralisk  
  49  9:06  Hydralisk  
  49  9:09  Zergling x2  
  46  9:17  Hydralisk  
  48  9:34  Spire  
  47  9:38  Hydralisk  
  49  9:45  Hydralisk  
  51  9:53  Hydralisk  
  51  9:59  Hydralisk  
  53  10:06  Hydralisk  
  55  10:14  Hydralisk  
  59  10:24  Pathogen Glands  
  55  10:36  Drone x2  
  55  10:42  Drone  
  58  10:49  Drone  
  59  11:15  Pneumatized Carapace  
  59  11:22  Drone  
  59  11:24  Overlord  
  60  11:35  Overlord  
  51  12:20  Hydralisk  
  51  12:21  Hydralisk  
  53  12:23  Overlord  
  53  12:32  Lair  
  53  12:45  Overlord  
  53  12:46  Overlord  
  48  13:03  Zergling x2  
  48  13:04  Zergling x2  
  48  13:15  Infestor  
Show
View Real Time Build Order
Export as new Build Order

FLORENCIO Protoss - Winner!

Build Orders:  

Get SALT Encoding   

  12  0:01  Probe (Chrono Boost)  
  13  0:11  Probe (Chrono Boost)  
  14  0:24  Pylon  
  14  0:25  Probe (Chrono Boost)  
  15  0:42  Probe (Chrono Boost)  
  16  0:43  Gateway  
  16  0:52  Probe (Chrono Boost)  
  16  0:53  Assimilator  
  17  0:57  Assimilator  
  17  1:03  Probe (Chrono Boost)  
  18  1:13  Probe (Chrono Boost)  
  19  1:24  Probe (Chrono Boost)  
  20  1:35  Probe (Chrono Boost)  
  21  1:45  Probe (Chrono Boost)  
  22  1:49  Nexus  
  22  2:02  Cybernetics Core  
  22  2:04  Probe (Chrono Boost)  
  23  2:16  Pylon  
  23  2:34  Probe (Chrono Boost)  
  24  2:38  Stalker  
  26  2:45  Mothership Core (Chrono Boost)  
  26  2:50  Pylon  
  28  2:55  Assimilator  
  28  3:04  Probe (Chrono Boost)  
  29  3:14  Probe (Chrono Boost)  
  29  3:15  Probe (Chrono Boost)  
  29  3:19  Assimilator  
  31  3:25  Probe (Chrono Boost)  
  31  3:26  Probe (Chrono Boost), Stargate  
  33  3:28  Stargate  
  33  3:35  Probe (Chrono Boost)  
  33  3:36  Probe (Chrono Boost)  
  33  3:41  Stargate  
  35  3:50  Probe x2 (Chrono Boost)  
  37  4:01  Forge  
  37  4:02  Probe x2 (Chrono Boost)  
  39  4:10  Oracle  
  42  4:30  Pylon  
  42  4:32  Gateway  
  42  4:38  Photon Cannon  
  42  4:44  Photon Cannon  
  42  4:51  Oracle  
  45  4:52  Oracle  
  48  5:00  Oracle  
  51  5:12  Photon Cannon  
  51  5:26  Pylon  
  51  5:27  Oracle  
  54  5:44  Probe x2 (Chrono Boost), Oracle  
  54  5:47  Oracle  
  62  5:58  Pylon  
  62  6:14  Nexus  
  62  6:16  Probe x2 (Chrono Boost)  
  64  6:20  Pylon  
  64  6:27  Probe (Chrono Boost)  
  64  6:30  Photon Cannon  
  64  6:31  Oracle  
  68  6:37  Probe (Chrono Boost)  
  68  6:38  Oracle  
  72  6:51  Oracle  
  75  7:06  Oracle  
  78  7:12  Pylon  
  78  7:16  Photon Cannon  
  78  7:17  Photon Cannon, Pylon  
  78  7:26  Probe (Chrono Boost), Oracle  
  78  7:27  Pylon  
  82  7:30  Pylon  
  82  7:36  Photon Cannon  
  82  7:38  Oracle  
  85  7:46  Photon Cannon  
  85  7:50  Assimilator  
  85  7:59  Pylon  
  85  8:04  Assimilator  
  85  8:09  Pylon  
  85  8:13  Phoenix x2  
  85  8:18  Phoenix  
  91  8:38  Phoenix x2  
  95  8:43  Phoenix  
  88  9:03  Phoenix x2  
  91  9:22  Nexus  
  91  9:23  Pylon  
  91  9:31  Void Ray x3  
  101  10:13  Void Ray x2  
  101  10:14  Void Ray  
  109  10:53  Pylon  
  109  10:55  Pylon  
  109  10:56  Void Ray x3  
  121  10:58  Pylon  
  121  11:39  Void Ray x3  
  131  12:22  Void Ray x2  
  139  12:31  Void Ray  
  143  13:04  Probe (Chrono Boost)  
  143  13:05  Probe (Chrono Boost), Void Ray x2  
  153  13:11  Assimilator  
  153  13:14  Assimilator, Void Ray  
  153  13:15  Probe (Chrono Boost)  
  153  13:16  Probe (Chrono Boost)  
  153  13:19  Photon Cannon  
  159  13:21  Photon Cannon  
  159  13:22  Photon Cannon  
  159  13:25  Probe (Chrono Boost)  
  159  13:26  Probe (Chrono Boost)  
  161  13:27  Photon Cannon  
  161  13:29  Photon Cannon  
Tags
 
Add a new tag
Caveats
  • Supply blocks, unpowered buildings, or Contaminate may cause inaccurate times.
  • Supply counts are checked every 10 seconds.